 Dungeon Crawl Stone Soup version 0.29.1-13-g9f3cf754e1 (webtiles) character file.

Game seed: 4821928771155583009

14 theswoord the Chiller (level 2, -3/22 HPs)
             Began as a Naga Ice Elementalist on Feb 4, 2023.
             Slain by a hobgoblin (5 damage)
             ... on level 1 of the Dungeon.
             The game lasted 00:00:36 (197 turns).

theswoord the Chiller (Naga Ice Elementalist)        Turns: 197, Time: 00:00:37

Health: -3/22      AC:  1    Str: 10    XL:     2   Next: 45%
Magic:  1/5        EV:  9    Int: 15    God:
Gold:   15         SH:  0    Dex: 11    Spells: 4/5 levels left

rFire   . . .      SeeInvis +   c - +0 club
rCold   . . .      Faith    .   (no shield)
rNeg    . . .      Spirit   .   a - +0 robe
rPois   +          Reflect  .   (no helmet)
rElec   .          Harm     .   (no cloak)
rCorr   .          Rampage  .   (no gloves)
Will    .....                   (no barding)
Stlth   ++........              (no amulet)
HPRegen 0.07/turn               (no ring)
MPRegen 0.09/turn               (no ring)

@: attractive, very slow
A: AC +0, large, see invisible, deformed body, poison resistance, slowness 2,
spit poison 1, naga tail 1
a: Spit Poison


You were on level 1 of the Dungeon.
You visited 1 branch of the dungeon, and saw 1 of its levels.

You collected 15 gold pieces.

Inventory:

Hand Weapons
 c - a +0 club (weapon)
Armour
 a - a +0 robe (worn)
Potions
 b - a potion of magic


   Skills:
 - Level 1.5 Dodging
 - Level 3.0 Stealth
 + Level 2.4 Spellcasting
 + Level 4.3 Ice Magic


You had 4 spell levels left.
You knew the following spells:

 Your Spells              Type           Power      Damage    Failure   Level
a - Freeze                Ice            56%        1d7       3%          1

Your spell library contained the following spells:

 Spells                   Type           Power      Damage    Failure   Level
 Frozen Ramparts          Ice            28%        1d5       11%         3
 Ozocubu's Armour         Ice            14%        N/A       11%         3
 Hailstorm                Conj/Ice       8%         3d4       65%         4


Dungeon Overview and Level Annotations

Branches:
Dungeon (1/15)

Altars:


Innate Abilities, Weirdness & Mutations

Your serpentine skin is tough. (AC +0)
You have supernaturally acute eyesight. (SInv)
Armour fits poorly on your strangely shaped body.
Your system is resistant to poisons. (rPois)
You cover ground very slowly.
You can spit poison.
You have a snake-like lower body.


Message History

You don't have enough magic to cast this spell.
Unknown command.
Casting: Freeze (safe; 4% risk of failure)
Confirm with . or Enter, or press ? or * to list all spells.
You don't have enough magic to cast this spell.
You hit the gnoll. You punch the gnoll.
You kill the gnoll!
The giant cockroach barely misses you. The hobgoblin hits you.
The giant cockroach bites you.
* * * LOW HITPOINT WARNING * * *
You have reached level 2!
Casting: Freeze (safe; 3% risk of failure)
Confirm with . or Enter, or press ? or * to list all spells.
You don't have enough magic to cast this spell.
Unknown command.
You closely miss the giant cockroach.
The hobgoblin hits you but does no damage.
The giant cockroach misses you. The hobgoblin hits you.
* * * LOW HITPOINT WARNING * * *
You hit the giant cockroach.
The giant cockroach is moderately wounded.
The giant cockroach barely misses you. The hobgoblin barely misses you.
The giant cockroach bites you.
* * * LOW HITPOINT WARNING * * *
You hit the giant cockroach but do no damage.
The giant cockroach is moderately wounded.
The giant cockroach closely misses you. The hobgoblin completely misses you.
You hit the giant cockroach.
The giant cockroach is moderately wounded.
The giant cockroach closely misses you. The hobgoblin hits you.
* * * LOW HITPOINT WARNING * * *
The giant cockroach bites you.
* * * LOW HITPOINT WARNING * * *
Casting: Freeze (safe; 3% risk of failure)
Confirm with . or Enter, or press ? or * to list all spells.
You don't have enough magic to cast this spell.
You barely miss the giant cockroach.
The giant cockroach is moderately wounded.
The hobgoblin hits you.
You die...

.. .. .#
.###.#?#####
..........##
##.#........#
#.#....(....$..
#. #.......>...
#.##....)...#
#.#....@B...#
#...#...g...#
#...........#
#..#........^..
#............#.
#
##.#....######.#
# #.####.# #.# #
#.# #.# #.# #
#.# #.# #.# #


You could see a giant cockroach and a hobgoblin.

Vanquished Creatures
  A gnoll (D:1)
  An endoplasm (D:1)
  A hobgoblin (D:1)
  A ball python (D:1)
  A frilled lizard (D:1)
5 creatures vanquished.

Notes
Turn   | Place    | Note
-------+----------+-------------------------------------------
     0 | D:1      | theswoord the Naga Ice Elementalist began the quest for the
                  | Orb.
     0 | D:1      | Reached XP level 1. HP: 15/15 MP: 3/3
   193 | D:1      | Reached XP level 2. HP: 10/22 MP: 0/5
   197 | D:1      | Slain by a hobgoblin

Action                   || total
-------------------------++-------
Melee: Club              ||     7
       Unarmed           ||     1
       Punch             ||     1
 Cast: Freeze            ||     7
  Use: Potion            ||     1
Armor: Robe              ||     1
Dodge: Dodged            ||    13

Levels and vault maps discovered:
D:1:      mushboom_english_gardens, layout_loops_ring,
          hellmonk_ecumenical_altar_defaced_shrine, minmay_surrounded
